 Dungeon Crawl Stone Soup version 0.24-a0-284-g9fb9971df1 (webtiles) character file.

Game seed: 17659636314132999259

204 Redear the Charmwright (level 5, -4/36 HPs)
             Began as an Octopode Skald on May 6, 2019.
             Was a Follower of Zin.
             Slain by a gnoll
             ... wielding a +0 halberd
              (14 damage)
             ... on level 4 of the Dungeon.
             The game lasted 00:04:38 (3140 turns).

Redear the Charmwright (Octopode Skald)             Turns: 3140, Time: 00:04:38

Health: -4/36      AC:  1    Str: 12    XL:     5   Next: 82%
Magic:  9/9        EV: 15    Int: 16    God:    Zin [*.....]
Gold:   153        SH:  0    Dex: 16    Spells: 8/9 levels left

rFire    . . .     SeeInvis .   a - +0 mace
rCold    . . .     Gourm    .   (no shield)
rNeg     . . .     Faith    .   (helmet restricted)
rPois    .         Spirit   .   b - amulet of magic regeneration
rElec    .         Reflect  .   h - +4 ring of dexterity
rCorr    .         Harm     .   c - +2 ring of strength (curse)
MR       .....                  (no ring)
Stlth    ++........             (no ring)
HPRegen  0.12/turn              (no ring)
MPRegen  0.36/turn              (no ring)
                                (no ring)
                                (no ring)

@: no status effects
A: almost no armour, stealthy swim, amphibious, 8 rings, constrict 8, camouflage
1, gelatinous body 1
a: Recite, Donate Gold, Renounce Religion


You were on level 4 of the Dungeon.
You worshipped Zin.
Zin was aware of your devotion.
You were very hungry.

You visited 1 branch of the dungeon, and saw 4 of its levels.

You collected 169 gold pieces.
You donated 16 gold pieces to Zin.

Inventory:

Hand Weapons
 a - a +0 mace (weapon)
Missiles
 Z - a throwing net (quivered) {+f}
Jewellery
 b - an amulet of magic regeneration (around mantle)
 c - a cursed +2 ring of strength (right tentacle)
 h - a +4 ring of dexterity (left tentacle)
 i - a +4 amulet of reflection
Scrolls
 d - 5 scrolls of identify {unknown}
 e - a scroll of immolation {unknown}
 f - a scroll of remove curse {unknown}
 g - 2 scrolls of enchant armour {unknown}
 k - a scroll of blinking {unknown}
 l - a scroll of random uselessness {unknown}
 m - a scroll of magic mapping {unknown}
Potions
 j - a potion of degeneration {unknown}
 n - a potion of mutation {unknown}
 o - a potion of invisibility {unknown}
Comestibles
 z - 7 rations


   Skills:
 + Level 3.1 Fighting
 + Level 3.1 Maces & Flails
 + Level 3.4 Dodging
 + Level 2.9 Spellcasting
 + Level 3.8 Charms


You had 8 spell levels left.
You knew the following spells:

 Your Spells              Type           Power        Failure   Level  Hunger
z - Infusion              Chrm           ##..         3%          1    #......

Your spell library contained the following spells:

 Spells                   Type           Power        Failure   Level  Hunger
 Song of Slaying          Chrm           ##......     6%          2    ##.....
 Shroud of Golubria       Chrm/Tloc      #.........   13%         2    ##.....
 Regeneration             Chrm/Necr      #.........   26%         3    ###....
 Spectral Weapon          Hex/Chrm       #.......     26%         3    ###....
 Gell's Gravitas          Tloc           #.........   50%         3    ###....
 Portal Projectile        Hex/Tloc       #.....       50%         3    ###....
 Force Lance              Conj/Tloc      #.......     88%         4    #####..
 Dispersal                Tloc           #.........   100%        6    #######
 Controlled Blink         Tloc           N/A          100%        8    #######
 Disjunction              Tloc           #.........   100%        8    #######


Dungeon Overview and Level Annotations

Branches:
Dungeon (4/15)
 Temple: D:4-7

Altars:
Zin


Innate Abilities, Weirdness & Mutations

You cannot wear most types of armour.
You are very stealthy in the water. (Stealth+)
You are amphibious.
You can wear up to eight rings at the same time.
You can use your tentacles to constrict eight enemies at once.
Your skin changes colour to match your surroundings (Stealth+).
Your rubbery body absorbs attacks. (AC +1, EV +1)


Message History

You aren't carrying any items that you can evoke.
Unknown command.
Okay, then.
You clear your throat and prepare to recite. "Zin looked out upon the remains of the fetid masses..."
The gnoll misses you. "...and declared it good that they had been..." "...struck down.
And thus justice was done."
You finish reciting Abominations 16:64.
The gnoll hits you with a +0 halberd.
You take 1 damage, and have 16/36 hp.
You hit the gnoll but do no damage. You grab the gnoll. You squeeze the gnoll.
The gnoll is lightly wounded.
You constrict the gnoll. The gnoll hits you with a +0 halberd.
* * * LOW HITPOINT WARNING * * *
You take 6 damage, and have 10/36 hp.
You hit the gnoll but do no damage. You squeeze the gnoll.
The gnoll is heavily wounded.
You constrict the gnoll. The gnoll hits you with a +0 halberd!
You die...

...#.###....###
#.###.#######
..............#
#..##<.......
.....#.#.####.#
##.##########
#####...## #.#
#.# ##.## #g#
#.# #.# #.# #.#
#.# #.# #.# #.#
#.#####.# #.#
#.gg@...# #.#
######### #.


You could see 2 gnolls.

Vanquished Creatures
  An orc wizard (D:3)
  5 gnolls
  5 adders
  3 worms
  2 dart slugs
  2 leopard geckos
  4 orcs (D:3)
  8 bats
  2 giant cockroaches (D:3)
  4 goblins
  5 hobgoblins
  11 jackals
  2 quokkas (D:3)
  3 frilled lizards
  4 kobolds
  4 rats
65 creatures vanquished.

Notes
Turn   | Place    | Note
-------+----------+-------------------------------------------
     0 | D:1      | Redear the Octopode Skald began the quest for the Orb.
     0 | D:1      | Reached XP level 1. HP: 14/14 MP: 3/3
   180 | D:1      | Reached XP level 2. HP: 3/19 MP: 0/5
   723 | D:1      | You fall through a shaft!
   745 | D:2      | Reached XP level 3. HP: 14/24 MP: 6/6
  1441 | D:2      | Reached XP level 4. HP: 16/30 MP: 7/7
  1746 | D:2      | Reached skill level 3 in Dodging
  2478 | D:3      | Reached XP level 5. HP: 20/35 MP: 7/9
  2544 | D:3      | Reached skill level 3 in Maces & Flails
  2548 | D:3      | Reached skill level 3 in Fighting
  2808 | D:3      | Found a glowing silver altar of Zin.
  3023 | D:3      | Became a worshipper of Zin the Law-Giver
  3023 | D:3      | Reached * piety under Zin
  3140 | D:4      | Slain by a gnoll

Levels and vault maps discovered:
D:1:      psy_arrival_whirlpool, layout_loops_corners, serial_forest,
          infiniplex_forest_clump_tiny, infiniplex_forest_straight_2,
          infiniplex_forest_clump_small, infiniplex_forest_clump_small,
          infiniplex_forest_clump_long, infiniplex_forest_clump_small
D:2:      layout_basic, kennysheep_generic_room_8
D:3:      layout_basic, zin_treasury, first_ration, chequers_decorated_corner,
          minivault_14, minmay_strange_pillars
D:4:      layout_loops_ring, minmay_temple_entry_wispy

Skill      XL: |  1  2  3  4  5 |
---------------+----------------+-----
Dodging        | 3 |  3.4
Maces & Flails | 3 |  3.1
Fighting       | 3 |  3.1
Spellcasting   | |  2.9
Charms         | |  3.8

Action                   |  1- 3 |  4- 6 || total
-------------------------+-------+-------++-------
Melee: Mace              |    64 |    84 ||   148
       Constrict         |    17 |    25 ||    42
       Tentacles         |    12 |    22 ||    34
 Cast: Infusion          |     2 |     1 ||     3
Invok: Recite            |       |     1 ||     1
  Use: Potion            |     1 |     2 ||     3
 Stab: Sleeping          |     5 |     2 ||     7
  Eat: Chunk             |     2 |     4 ||     6
Armor: Skin              |    17 |    12 ||    29
Dodge: Dodged            |    42 |    62 ||   104

Table legend:
 A = Non-vault XP
 B = Vault XP
 C = Vault XP percentage of total XP
 D = Non-vault monster count
 E = Vault monster count
 F = Vault count percentage of total count
                 A         B        C        D         E       F
            +---------+---------+-------+---------+---------+-------
      Total |     291 |       1 |   0.3 |      64 |       1 |   1.5
            +---------+---------+-------+---------+---------+-------
        D:1 |      19 |       0 |   0.0 |      10 |       0 |   0.0
        D:2 |      89 |       1 |   1.1 |      22 |       1 |   4.3
        D:3 |     154 |       0 |   0.0 |      30 |       0 |   0.0
        D:4 |      29 |       0 |   0.0 |       2 |       0 |   0.0
            +---------+---------+-------+---------+---------+-------
